 Dungeon Sprint DCSS version 0.19.1-1-g22dce08 (webtiles) character file.

2809 dvd the Cruncher (level 9, -6/97 HPs)
             Began as a Troll Berserker on Jan 3, 2017.
             Was a High Priest of Trog.
             Mangled by a troll (16 damage)
             ... summoned by the player character
             ... in the Dungeon (Sprint III: "The Ten Rune Challenge").
             The game lasted 00:05:35 (501 turns).

dvd the Cruncher (Troll Berserker)                   Turns: 501, Time: 00:05:38

Health: -6/97      AC:  8    Str: 27    XL:     9   Next: 44%
Magic:  8/8        EV: 13    Int:  3    God:    Trog [*****.]
Gold:   40         SH:  0    Dex: 12    Spells: 0 memorised, 8 levels left

rFire  . . .     SeeInvis .     a - +2 quarterstaff (chaos)
rCold  . . .     Gourm    +     y - +0 troll leather armour {Snorg}
rNeg   . . .     Faith    .     (shield currently unavailable)
rPois  .         Spirit   .     (helmet restricted)
rElec  .         Reflect  .     j - +0 cloak
rCorr  .         Harm     .     (gloves unavailable)
MR     +....     NoTele   +     (boots unavailable)
Stlth  ++........               (no amulet)
                                (no ring)
                                (no ring)

@: no status effects
A: unfitting armour, claws 3, fast metabolism 3, gourmand, high mp 1, magic
resistance 1, mutation resistance 1, regeneration 1, shaggy fur 1, tough skin 2
a: Berserk, Trog's Hand, Brothers in Arms, Burn Spellbooks, Renounce Religion


You were in the Dungeon.
You worshipped Trog.
Trog was extremely pleased with you.
You were very full.

You visited 1 branch You collected 40 gold pieces.

Inventory:

Hand Weapons
 a - a +2 quarterstaff of chaos (weapon)
 b - a +0 mace
 q - a +1 long sword of holy wrath
 v - a +1 antimagic battleaxe
Armour
 j - a +0 cloak (worn)
 y - a +0 troll leather armour (worn) {Snorg}
Scrolls
 i - a scroll of blinking
 o - a scroll of identify
 t - 2 scrolls of remove curse
Potions
 d - a potion of curing
 f - a potion of haste
 g - 2 potions of magic
 h - a potion of cure mutation
 l - 2 potions of berserk rage
 r - 3 potions of flight
Miscellaneous
 w - a lamp of fire
Comestibles
 c - 2 bread rations
 p - 2 fruits
 u - 2 royal jellies
 x - 2 chunks of flesh


   Skills:
 + Level 8.9 Fighting
 + Level 9.9(12.0) Maces & Flails
 + Level 10.4(11.8) Staves
 + Level 8.1 Dodging
 + Level 3.9 Stealth


You had 8 spell levels left.
You didn't know any spells.

Dungeon Overview and Level Annotations

Branches:
Dungeon (1/1)

Altars:
Cheibriados
Dithmenos
Elyvilon
Fedhas
Gozag
Hepliaklqana
Kikubaaqudgha
Makhleb
Nemelex Xobeh
Okawaru
Qazlal
Ru
Sif Muna
Trog
Uskayaw
Vehumet
Xom
Yredelemnul
Zin
The Shining One
Beogh
Jiyva
Lugonu

Shops:
D [


Innate Abilities, Weirdness & Mutations

You are too large for most types of armour.
You have claws for hands.
Your metabolism is lightning-fast.
You like to eat raw meat.
Your natural rate of healing is unusually fast.
You are covered in fur. (AC +1)
You have very tough skin. (AC +2)
You have an increased reservoir of magic. (+10% MP)
You are resistant to hostile enchantments. (MR+)
You are somewhat resistant to further mutation.


Message History

Your troll is severely wounded.
The troll closely misses you. x3
The troll bites you!
* * * LOW HITPOINT WARNING * * *
The troll claws you.
* * * LOW HITPOINT WARNING * * *
The troll barely misses you. The troll bites you.
* * * LOW HITPOINT WARNING * * *
The troll barely misses you. The troll claws you but does no damage.
Unknown command.
You feel much better.
The troll barely misses you. x2; The troll claws you.
* * * LOW HITPOINT WARNING * * *
Unknown command.
Your troll goes berserk!
The troll bites you!
* * * LOW HITPOINT WARNING * * *
The troll claws you!
* * * LOW HITPOINT WARNING * * *
The troll barely misses you. The troll bites you!
You die...

▓▓ ▓▓▓ .####
##.################ ##
....#####..#___#__[#__#$$%##%##
.....#..#..#...#__.#._#$.%)%..o
##...#..#..###'#'###)##%$.))%%o
###..##'#..#....@.....#).)%%)).
.##[.###...'.⌠T.T....§#))∩$%#
##..####...#...######§#)#
##..###....#.⌠.#__#...#§#####
#...##.....#...#__#...#.§§§≈+
....#......#'###__#...#§#§≈§#
..##.#.....#.).#__#...'.#§.§#
.. ####....#___#__'...#.#§§§#
▓▓ ▓▓▓▓▓▓▓▓▓▓▓▓▓▓▓▓▓▓▓▓▓▓▓


You could see a troll (berserk) and a friendly troll (berserk).

Vanquished Creatures
  Snorg (D)
  An orc knight (D)
  A deep elf mage (D)
  A shadow (D)
  A spatial vortex (D)
  2 orc warriors (D)
  A necrophage (D)
  A water elemental (D)
  A jelly (D)
  A wizard (D)
  An orc priest (D)
  Crazy Yiuf (D)
  2 orc wizards (D)
  Jessica (D)
  A necromancer (D)
  3 humans (D)
  A kobold demonologist (D)
  9 orcs (D)
  3 rats (D)
33 creatures vanquished.

Vanquished Creatures (collateral kills)
  An orc (D)
1 creature vanquished.

Vanquished Creatures (others)
  2 draconian scorchers (D)
  6 hellions (D)
  A yaktaur (D)
9 creatures vanquished.

Grand Total: 43 creatures vanquished

Notes
Turn   | Place    | Note
-------+----------+-------------------------------------------
     0 | D        | dvd the Troll Berserker began the quest for the Orb.
     0 | D        | Reached XP level 1. HP: 22/22 MP: 0/0
    28 | D        | Noticed Jessica
    35 | D        | Killed Jessica
    35 | D        | Reached ** piety under Trog
    35 | D        | Reached XP level 2. HP: 30/31 MP: 1/1
    74 | D        | Noticed Crazy Yiuf
    74 | D        | Killed a hellion
    74 | D        | Killed a hellion
    75 | D        | Killed a hellion
    82 | D        | Reached XP level 3. HP: 38/39 MP: 2/2
    85 | D        | Killed Crazy Yiuf
    85 | D        | Reached *** piety under Trog
    85 | D        | Reached skill level 5 in Maces & Flails
    85 | D        | Reached XP level 4. HP: 45/49 MP: 3/3
   110 | D        | Killed a hellion
   122 | D        | Killed a hellion
   138 | D        | Gained mutation: You are somewhat resistant to further mutation. [potion of mutation]
   138 | D        | Gained mutation: You are resistant to hostile enchantments. (MR+) [potion of mutation]
   139 | D        | Gained mutation: You have an increased reservoir of magic. (+10% MP) [potion of mutation]
   145 | D        | Noticed a water elemental
   145 | D        | Killed a yaktaur
   146 | D        | Killed a hellion
   149 | D        | Killed a water elemental
   149 | D        | Reached skill level 5 in Fighting
   149 | D        | Reached XP level 5. HP: 57/57 MP: 4/4
   179 | D        | Killed a white draconian scorcher
   200 | D        | Found a basalt altar of Yredelemnul.
   200 | D        | Found a shadowy altar of Dithmenos.
   200 | D        | Found a sacrificial altar of Ru.
   200 | D        | Noticed a necrophage
   202 | D        | Reached skill level 1 in Staves
   202 | D        | Reached skill level 5 in Dodging
   202 | D        | Reached skill level 1 in Stealth
   212 | D        | Killed a necrophage
   212 | D        | Reached **** piety under Trog
   212 | D        | Reached skill level 2 in Staves
   230 | D        | Found a hide-covered altar of Uskayaw.
   230 | D        | Found a roughly hewn altar of Beogh.
   230 | D        | Found an iron altar of Okawaru.
   230 | D        | Found a bloodstained altar of Trog.
   230 | D        | Noticed a human
   231 | D        | Noticed a human
   235 | D        | Killed a human
   235 | D        | Reached skill level 3 in Staves
   235 | D        | Reached XP level 6. HP: 68/68 MP: 5/5
   238 | D        | Killed a human
   238 | D        | Reached skill level 4 in Staves
   238 | D        | Reached XP level 7. HP: 76/76 MP: 6/6
   254 | D        | Killed a white draconian scorcher
   269 | D        | Found a glowing silver altar of Zin.
   269 | D        | Found a glowing golden altar of the Shining One.
   269 | D        | Found a white marble altar of Elyvilon.
   269 | D        | Noticed a deep elf mage
   276 | D        | Killed a deep elf mage
   276 | D        | Reached skill level 5 in Staves
   318 | D        | Found a radiant altar of Vehumet.
   318 | D        | Found a deep blue altar of Sif Muna.
   318 | D        | Found an ancient bone altar of Kikubaaqudgha.
   322 | D        | Reached ***** piety under Trog
   339 | D        | Received a gift from Trog
   358 | D        | Noticed a shadow
   364 | D        | Killed a shadow
   364 | D        | Reached ****** piety under Trog
   364 | D        | Reached skill level 6 in Staves
   364 | D        | Reached XP level 8. HP: 87/88 MP: 3/7
   376 | D        | Found a blossoming altar of Fedhas.
   376 | D        | Found a stormy altar of Qazlal.
   376 | D        | Found a snail-covered altar of Cheibriados.
   376 | D        | Found a burning altar of Makhleb.
   376 | D        | Found a shimmering altar of Xom.
   377 | D        | Found a hazy altar of Hepliaklqana.
   377 | D        | Found an opulent altar of Gozag.
   377 | D        | Found a sparkling altar of Nemelex Xobeh.
   377 | D        | Found a corrupted altar of Lugonu.
   377 | D        | Found a viscous altar of Jiyva.
   414 | D        | Noticed Snorg
   432 | D        | Killed Snorg
   432 | D        | Reached skill level 9 in Staves
   432 | D        | Reached XP level 9. HP: 97/97 MP: 8/8
   474 | D        | Found Pyzuduxt's Armour Emporium.
   474 | D        | Noticed an orc knight
   477 | D        | Received a gift from Trog
   477 | D        | Killed an orc knight
   477 | D        | Reached skill level 10 in Staves
   477 | D        | Received a gift from Trog
   477 | D        | HP: 1/97 [cloud of flame (16)]
   499 | D        | HP: 1/97 [troll[the player character] (6)]
   501 | D        | Mangled by a troll

Skill      XL: |  1  2  3  4  5  6  7  8  9 |
---------------+----------------------------+-----
Fighting       | 3 4 5 6 7 8 |  8.9
Maces & Flails | 4 5 6 8 9 |  9.9
Dodging        | 3 4 6 7 8 |  8.1
Staves         | 3 4 6 9 10 | 10.4
Stealth        | 1 2 3 |  3.9

Action                   |  1- 3 |  4- 6 |  7- 9 || total
-------------------------+-------+-------+-------++-------
Melee: Mace              |    16 |       |       ||    16
       Quarterstaff      |       |    20 |    43 ||    63
Invok: Berserk           |     2 |     1 |     2 ||     5
       Burn Spellbooks   |       |       |     1 ||     1
       Brothers in Arms  |       |       |     2 ||     2
  Use: Potion            |       |     5 |     1 ||     6
       Scroll            |       |       |     4 ||     4
 Stab: Sleeping          |     1 |       |     3 ||     4
  Eat: Chunk             |     2 |       |    13 ||    15
Armor: Animal skin       |     3 |       |       ||     3
       Robe              |     3 |     7 |    15 ||    25
       Troll leather arm |       |       |     2 ||     2
Dodge: Dodged            |     6 |     6 |    43 ||    55
